 Dungeon Crawl Stone Soup version 0.21.1-1-g345015f (webtiles) character file.

142 tidbits the Charmwright (level 5, 7/44 HPs)
             Began as a Gnoll Skald on June 20, 2018.
             Quit the game on level 3 of the Dungeon.
             The game lasted 00:04:43 (396 turns).

tidbits the Charmwright (Gnoll Skald)                Turns: 396, Time: 00:04:44

Health: 7/44       AC: 12    Str: 12 (13) XL:     5   Next: 25%
Magic:  0/12       EV: 14    Int: 17      God:
Gold:   56         SH:  0    Dex: 16      Spells: 3/14 levels left

rFire    . . .     SeeInvis .   h - +2 dagger (protect)
rCold    . . .     Gourm    .   (no shield)
rNeg     . . .     Faith    .   b - +0 leather armour
rPois    .         Spirit   .   E - +0 helmet
rElec    .         Reflect  .   (no cloak)
rCorr    .         Harm     .   (no gloves)
MR       .....                  (no boots)
Stlth    ++........             (no amulet)
HPRegen  0.14/turn              j - +2 ring of dexterity (curse)
MPRegen  0.13/turn              (no ring)

@: seriously poisoned (7 -> 1), protection aura
A: distributed training, fangs 1, rugged brown scales 1, strong nose
a: no special abilities


You were on level 3 of the Dungeon.
You were not hungry.

You visited 1 branch of the dungeon, and saw 3 of its levels.

You collected 56 gold pieces.

Inventory:

Hand Weapons
 a - a +0 hand axe
 e - a +0 dagger
 h - a +2 dagger of protection (weapon)
   (You took it off a kobold on level 1 of the Dungeon)
 k - a +0 trident
Missiles
 f - 12 sling bullets
 l - 14 stones (quivered)
Armour
 b - a +0 leather armour (worn)
 E - a +0 helmet (worn)
Jewellery
 j - a cursed +2 ring of dexterity (left hand)
   (You found it on level 2 of the Dungeon)
Wands
 n - a wand of digging (2)
Scrolls
 i - a scroll of fog {unknown}
Potions
 g - a potion of degeneration
Books
 c - a book of Battle

   Spells                             Type                      Level
   a - Infusion                       Charms                       1
   b - Shroud of Golubria             Charms/Translocation         2
   c - Song of Slaying                Charms                       2
   d - Spectral Weapon                Hexes/Charms                 3
   e - Regeneration                   Charms/Necromancy            3
Comestibles
 d - 2 rations


   Skills:
 + Level 4.7 Fighting
 + Level 1.4 Short Blades
 + Level 1.4 Long Blades
 + Level 4.7 Axes
 + Level 1.4 Maces & Flails
 + Level 1.4 Polearms
 + Level 1.4 Staves
 + Level 1.4 Slings
 + Level 1.4 Bows
 + Level 1.4 Crossbows
 + Level 1.4 Throwing
 + Level 2.9 Armour
 + Level 4.7 Dodging
 + Level 1.4 Stealth
 + Level 1.4 Shields
 + Level 1.4 Unarmed Combat
 + Level 5.1 Spellcasting
 + Level 1.1 Conjurations
 + Level 1.1 Hexes
 + Level 5.5 Charms
 + Level 1.1 Summonings
 + Level 1.1 Necromancy
 + Level 1.1 Translocations
 + Level 1.1 Transmutations
 + Level 1.1 Fire Magic
 + Level 1.1 Ice Magic
 + Level 1.1 Air Magic
 + Level 1.1 Earth Magic
 + Level 1.1 Poison Magic
 + Level 1.5 Invocations
 + Level 1.4 Evocations


You had 3 spell levels left.
You knew the following spells:

 Your Spells              Type           Power        Failure   Level  Hunger
g - Shroud of Golubria    Chrm/Tloc      ###.......   7%          2    #......
i - Infusion              Chrm           ###.         1%          1    None
r - Regeneration          Chrm/Necr      ###.......   14%         3    ###....
w - Spectral Weapon       Hex/Chrm       ###.....     14%         3    ###....
y - Song of Slaying       Chrm           ###.....     2%          2    #......


Dungeon Overview and Level Annotations

Branches:
Dungeon (3/15)

Altars:
Okawaru


Innate Abilities, Weirdness & Mutations

Your experience applies equally to all skills.
You have very sharp teeth.
Your uncanny sense of smell can sniff out nearby items.
You are partially covered in rugged brown scales. (AC +1, +3% HP)


Message History

Your Necromancy skill increases to level 1!
Your Translocations skill increases to level 1!
Your Transmutations skill increases to level 1!
Your Fire Magic skill increases to level 1!
Your Ice Magic skill increases to level 1!
Your Air Magic skill increases to level 1!
Your Earth Magic skill increases to level 1!
Your Poison Magic skill increases to level 1!
Your Evocations skill increases to level 1!
You have reached level 4!
You feel clever.
You feel sick.
You barely miss the killer bee. The killer bee misses you.
The killer bee barely misses you.
You miss the killer bee.
You feel sick. The killer bee barely misses you.
The killer bee closely misses you.
You hit the killer bee.
The killer bee is lightly wounded.
The killer bee stings you but does no damage.
The killer bee barely misses you.
You hit the killer bee.
You bite the killer bee, but do no damage.
The killer bee is heavily wounded.
You feel sick. The killer bee closely misses you.
The giant cockroach waves its antennae.
The killer bee misses you.
You hit the killer bee.
The killer bee is heavily wounded.
Your skin stops crawling.
The killer bee barely misses you. x2
You miss the killer bee.
The killer bee is heavily wounded.
You feel sick.
The killer bee stings you but does no damage.
The killer bee closely misses you.
You miss the killer bee.
The killer bee is heavily wounded.
The killer bee closely misses you.
You closely miss the killer bee.
The killer bee is heavily wounded.
You feel sick. The killer bee closely misses you. The killer bee misses you.
You hit the killer bee.
The killer bee is severely wounded.
The killer bee barely misses you.
The killer bee stings you but does no damage.
You barely miss the killer bee.
The killer bee is severely wounded.
The killer bee stings you but does no damage.
The killer bee stings you.
* * * LOW HITPOINT WARNING * * *
You are more poisoned.
The killer bee poisons you!
You miss the killer bee. Your bite misses the killer bee.
The killer bee is severely wounded.
You feel sick. The killer bee misses you. The killer bee barely misses you.
Casting: Regeneration
Confirm with . or Enter, or press ? or * to list all spells.
Your skin crawls.
Your skin is crawling a little less now.
You feel sick. The killer bee closely misses you. The killer bee stings you!
* * * LOW HITPOINT WARNING * * *
You are more poisoned.
The killer bee poisons you!
You hit the killer bee but do no damage.
The killer bee is severely wounded.
You feel sick. The killer bee barely misses you.
The killer bee stings you but does no damage.
You hit the killer bee but do no damage.
Your bite misses the killer bee.
The killer bee is severely wounded.
You feel sick. The killer bee barely misses you.
The killer bee stings you but does no damage.
You miss the killer bee.
The killer bee is severely wounded.
You feel sick.
The killer bee stings you but does no damage.
The killer bee barely misses you.
You hit the killer bee.
You bite the killer bee, but do no damage.
The killer bee is severely wounded.
You feel sick. The killer bee closely misses you. The killer bee stings you.
* * * LOW HITPOINT WARNING * * *
You hit the killer bee but do no damage.
Your bite misses the killer bee.
The killer bee is severely wounded.
The killer bee barely misses you.
A frilled lizard comes into view.
The frilled lizard hisses angrily.
You hit the killer bee.
You kill the killer bee!
You feel your strength returning.
You feel your intelligence returning.
You have reached level 5!
Your skin stops crawling.
* * * LOW HITPOINT WARNING * * *
You feel sick. The killer bee closely misses you.
Okay, then.
You hit the killer bee but do no damage.
* * * LOW HITPOINT WARNING * * *
You feel sick. The killer bee closely misses you.
Are you sure you want to abandon this character and quit the game? (Confirm with "yes".)

∆
#########
.......<#
#.#####.#
#.# #@#
#y#
#sl......
...#####.
..!..
..##.##
### .. ##


You could see a killer bee, a giant cockroach and a frilled lizard.

Vanquished Creatures
  2 killer bees (D:3)
  Robin (D:2)
  A worm (D:2)
  2 dart slugs (D:1)
  A leopard gecko (D:1)
  9 goblins
  7 hobgoblins
  4 kobolds
  2 bats
  2 frilled lizards (D:1)
  A rat (D:1)
32 creatures vanquished.

Notes
Turn   | Place    | Note
-------+----------+-------------------------------------------
     0 | D:1      | tidbits the Gnoll Skald began the quest for the Orb.
     0 | D:1      | Reached XP level 1. HP: 20/20 MP: 6/6
   114 | D:1      | Reached XP level 2. HP: 26/26 MP: 3/7
   118 | D:1      | Learned a level 2 spell: Song of Slaying
   121 | D:1      | Learned a level 2 spell: Shroud of Golubria
   124 | D:2      | Noticed Robin
   173 | D:1      | Reached XP level 3. HP: 16/31 MP: 6/9
   179 | D:1      | Reached skill level 5 in Spellcasting
   183 | D:1      | Found an iron altar of Okawaru.
   233 | D:2      | Learned a level 3 spell: Regeneration
   239 | D:2      | Learned a level 3 spell: Spectral Weapon
   283 | D:2      | Gained mutation: Your magical capacity is low. (-10% MP) [potion of mutation]
   283 | D:2      | Gained mutation: You are resistant to hostile enchantments. (MR+) [potion of mutation]
   284 | D:2      | Lost mutation: Your magical capacity is low. (-10% MP) [potion of mutation]
   284 | D:2      | Lost mutation: You are resistant to hostile enchantments. (MR+) [potion of mutation]
   284 | D:2      | Gained mutation: You are clumsy. (Dex -2) [potion of mutation]
   284 | D:2      | Lost mutation: You are clumsy. (Dex -2) [potion of mutation]
   284 | D:2      | Gained mutation: You are partially covered in rugged brown scales. (AC +1, +3% HP) [potion of mutation]
   288 | D:2      | Killed Robin
   288 | D:2      | Reached skill level 1 in Invocations
   361 | D:3      | Noticed a killer bee
   362 | D:3      | Noticed a killer bee
   364 | D:3      | Noticed a killer bee
   376 | D:3      | Killed a killer bee
   376 | D:3      | Reached skill level 1 in Short Blades
   376 | D:3      | Reached skill level 1 in Long Blades
   376 | D:3      | Reached skill level 1 in Maces & Flails
   376 | D:3      | Reached skill level 1 in Polearms
   376 | D:3      | Reached skill level 1 in Staves
   376 | D:3      | Reached skill level 1 in Slings
   376 | D:3      | Reached skill level 1 in Bows
   376 | D:3      | Reached skill level 1 in Crossbows
   376 | D:3      | Reached skill level 1 in Throwing
   376 | D:3      | Reached skill level 1 in Stealth
   376 | D:3      | Reached skill level 1 in Shields
   376 | D:3      | Reached skill level 1 in Unarmed Combat
   376 | D:3      | Reached skill level 1 in Conjurations
   376 | D:3      | Reached skill level 1 in Hexes
   376 | D:3      | Reached skill level 1 in Summonings
   376 | D:3      | Reached skill level 1 in Necromancy
   376 | D:3      | Reached skill level 1 in Translocations
   376 | D:3      | Reached skill level 1 in Transmutations
   376 | D:3      | Reached skill level 1 in Fire Magic
   376 | D:3      | Reached skill level 1 in Ice Magic
   376 | D:3      | Reached skill level 1 in Air Magic
   376 | D:3      | Reached skill level 1 in Earth Magic
   376 | D:3      | Reached skill level 1 in Poison Magic
   376 | D:3      | Reached skill level 1 in Evocations
   376 | D:3      | Reached XP level 4. HP: 19/39 MP: 1/11
   394 | D:3      | Reached XP level 5. HP: 9/44 MP: 0/12
   396 | D:3      | Quit the game

Skill      XL: |  1  2  3 |
---------------+----------+-----
Spellcasting   | 5 |  5.1
Invocations    | 1 |  1.5
Short Blades   | 1 |  1.4
Long Blades    | 1 |  1.4
Maces & Flails | 1 |  1.4
Polearms       | 1 |  1.4
Staves         | 1 |  1.4
Slings         | 1 |  1.4
Bows           | 1 |  1.4
Crossbows      | 1 |  1.4
Throwing       | 1 |  1.4
Stealth        | 1 |  1.4
Shields        | 1 |  1.4
Unarmed Combat | 1 |  1.4
Conjurations   | 1 |  1.1
Hexes          | 1 |  1.1
Summonings     | 1 |  1.1
Necromancy     | 1 |  1.1
Translocations | 1 |  1.1
Transmutations | 1 |  1.1
Fire Magic     | 1 |  1.1
Ice Magic      | 1 |  1.1
Air Magic      | 1 |  1.1
Earth Magic    | 1 |  1.1
Poison Magic   | 1 |  1.1
Evocations     | 1 |  1.4
Fighting       | |  4.7
Axes           | |  4.7
Armour         | |  2.9
Dodging        | |  4.7
Charms         | |  5.5

Action                   |  1- 3 |  4- 6 || total
-------------------------+-------+-------++-------
Melee: Hand axe          |    54 |       ||    54
       Bite              |     5 |     2 ||     7
       Dagger            |    10 |    18 ||    28
 Cast: Infusion          |     5 |       ||     5
       Song of Slaying   |     1 |       ||     1
       Regeneration      |     2 |     1 ||     3
  Use: Potion            |     4 |       ||     4
Armor: Leather armour    |    13 |     7 ||    20
Dodge: Dodged            |    54 |    24 ||    78

Table legend:
 A = Turns spent in this place as a percentage of turns spent in the entire game.
 B = Non-inter-level travel turns spent in this place as a percentage of non-inter-level travel turns spent in the entire game.
 C = Inter-level travel turns spent in this place as a percentage of turns spent in this place.
 D = Turns resting spent in this place as a percentage of non-inter-level travel turns spent in this place.
 E = Turns spent auto-exploring this place as a percentage of non-inter-level travel turns spent in this place.
 F = Non-inter-level travel turns spent in this place divided by the number of levels of this place that you've seen.
                   A       B       C       D       E      F
               +-------+-------+-------+-------+-------+----------------------
         Total | 100.0 | 100.0 |   0.0 |   0.0 |   0.0 | 132.0
       Dungeon | 100.0 | 100.0 |   0.0 |   0.0 |   0.0 | 132.0
               +-------+-------+-------+-------+-------+----------------------

Table legend:
 A = Kills in this place as a percentage of kills in entire the game.
 B = Kills by you in this place as a percentage of kills by you in the entire game.
 C = Kills by friends in this place as a percentage of kills by friends in the entire game.
 D = Other kills in this place as a percentage of other kills in the entire game.
 E = Experience gained in this place as a percentage of experience gained in the entire game.
 F = Experience gained in this place divided by the number of levels of this place that you have seen.
                   A       B       C       D       E      F
               +-------+-------+-------+-------+-------+----------------------
         Total | 100.0 | 100.0 |   N/A |   N/A | 100.0 |  68.0
       Dungeon | 100.0 | 100.0 |   N/A |   N/A | 100.0 |  68.0
               +-------+-------+-------+-------+-------+----------------------

Vault maps used:
D:1:      evilmike_arrival_fibonacci_small, okawaru_ov_weapons_minmay
D:2:      uniq_robin
D:3:      kennysheep_generic_room_14, uniq_crazy_yiuf_cottage, uniq_terence
